 Dungeon Crawl Stone Soup version 0.28.0-62-gf88900778d (webtiles) character file.

Game seed: 15573090272367470477

1405 tkbsonic5 the Spear-Bearer (level 8, -6/100 HPs)
             Began as a Merfolk Wanderer on Aug 19, 2023.
             Was a Believer of Ru.
             Mangled by a two-headed ogre
             ... wielding a +0 giant spiked club
              (8 damage)
             ... on level 8 of the Dungeon on Aug 26, 2023.
             The game lasted 00:18:11 (4763 turns).

tkbsonic5 the Spear-Bearer (Merfolk Wanderer)       Turns: 4763, Time: 00:18:11

Health: -6/100     AC: 31    Str: 15    XL:     8   Next: 70%
Magic:  8/8        EV:  2    Int: 10    God:    Ru [**....]
Gold:   247        SH:  0    Dex: 14    Spells: 7/7 levels left

rFire   . . .      SeeInvis .   j - +2 trident (protect) {Mortis}
rCold   . . .      Faith    .   (no shield)
rNeg    . . .      Spirit   .   (armour currently unavailable)
rPois   +          Reflect  .   (helmet currently unavailable)
rElec   .          Harm     .   (cloak currently unavailable)
rCorr   .          Rampage  .   (gloves currently unavailable)
Will    +....      NoTele   +   (boots currently unavailable)
Stlth   ++........              (no amulet)
HPRegen 0.26/turn               (no ring)
MPRegen 0.11/turn               (no ring)

@: tree-form, under a protective aura
A: stationary, stasis, torment immunity, boosted hp, inability to train dodging,
no conjurations magic, no earth magic, no transmutations magic, (nimble swimmer
2), (mertail), (iridescent scales 1), strong-willed 1
a: Renounce Religion


You were on level 8 of the Dungeon.
You worshipped Ru.
Ru was pleased with you.
You were a tree.
You visited 1 branch of the dungeon, and saw 6 of its levels.

You collected 247 gold pieces.

Inventory:

Hand Weapons
 a - a +2 quarterstaff
 b - a +0 short sword
 d - a +0 dagger
 j - a +2 trident of protection (weapon) {Mortis}
 q - a +2 hand axe of venom
Missiles
 c - 9 poisoned darts (quivered) {bar(b)s}
 t - 4 atropa-tipped darts
Armour
 e - a +0 leather armour
 i - a +1 pair of boots (melded) {manlyboots}
 k - a +0 scale mail
 r - a +0 plate armour (melded)
 u - the +1 ring mail of Ru's Generosity {rPois rC- Will- Str+8}
   (You found it on level 4 of the Dungeon)

   Str:       It affects your strength (+8).
   rC:        It makes you vulnerable to cold.
   rPois:     It protects you from poison.
   Will:      It decreases your willpower.
Scrolls
 f - a scroll of teleportation
 o - a scroll of immolation
Potions
 g - 3 potions of curing {tamara's cum}
 n - 2 potions of brilliance {coffee}


   Skills:
 + Level 7.0 Fighting
 - Level 2.4 Short Blades
 * Level 8.7(9.3) Polearms
 - Level 2.9(4.3) Staves
 - Level 4.9 Throwing
 - Level 1.4 Stealth
 - Level 1.0 Evocations


You had 7 spell levels left.
You didn't know any spells.
Your spell library contained the following spells:

 Spells                   Type           Power      Damage    Failure   Level
 Ensorcelled Hibernation  Hex/Ice        0%         N/A       50%         2
 Anguish                  Hex/Necr       0%         N/A       98%         4
 Maxwell's Capacitive Co  Air            0%         ∞         100%        8
 Static Discharge         Conj/Air       Unusable   N/A       N/A         2
 Spider Form              Tmut/Pois      Unusable   N/A       N/A         3
 Lightning Bolt           Conj/Air       Unusable   1d11      N/A         5

Dungeon Overview and Level Annotations

Branches:
Dungeon (5/15)
 Temple: D:4-7

Altars:
Hepliaklqana
Ru
Wu Jian

Shops:
D:3 (=:   D:8 *[(:*

Annotations:
D:4 1 runed translucent door, cbfl8's ghost, amateur DsFi


Innate Abilities, Weirdness & Mutations

You are a tree.
Your roots penetrate the ground, keeping you stationary.
You cannot be teleported.
You are immune to unholy pain and torment.
Your maximum health is greatly increased.
Your equipment is partially melded.
You cannot train Dodging skill.
You cannot study or cast Conjurations magic.
You cannot study or cast Earth magic.
You cannot study or cast Transmutations magic.
((You are very nimble when in or above water. (Stealth+, EV+, Speed+++)))
((Your lower body shifts to a powerful aquatic tail in water.))
((You are partially covered in iridescent scales. (AC +2)))
You are strong-willed. (Will+)


Message History

The two-headed ogre hits you with a +0 giant spiked club!!
The two-headed ogre hits you with a +0 giant club!
Okay, then.
Really quaff the potion of lignification? [Y]es or [N]o only, please.
Really quaff the potion of lignification? [Y]es or [N]o only, please.
Really quaff the potion of lignification?
You turn into a tree.
Your +1 pair of boots {manlyboots} melds into your body.
Your +0 plate armour melds into your body.
Your roots penetrate the ground.
The two-headed ogre hits you with a +0 giant spiked club.
The two-headed ogre completely misses you.
You closely miss the two-headed ogre.
The two-headed ogre is lightly wounded.
You completely miss the two-headed ogre.
The two-headed ogre is lightly wounded.
The two-headed ogre hits you but does no damage.
The two-headed ogre hits you with a +0 giant club.
You barely miss the two-headed ogre.
The two-headed ogre is lightly wounded.
The two-headed ogre hits you with a +0 giant spiked club!
The two-headed ogre hits you with a +0 giant club!
* * * LOW HITPOINT WARNING * * *
You hit the two-headed ogre.
Your weapon exudes an aura of protection.
The two-headed ogre is moderately wounded.
You hit the two-headed ogre.
The two-headed ogre is moderately wounded.
The two-headed ogre hits you with a +0 giant spiked club.
* * * LOW HITPOINT WARNING * * *
The two-headed ogre hits you with a +0 giant club.
* * * LOW HITPOINT WARNING * * *
You barely miss the two-headed ogre.
The two-headed ogre is moderately wounded.
The two-headed ogre hits you with a +0 giant spiked club!
* * * LOW HITPOINT WARNING * * *
The two-headed ogre hits you with a +0 giant club!
You die...

.# .# #########.#
#.........#
#.........#
...##.........#
...((.O♣....8.#
...##.......<.###.###
#.....8.∩.8......
#.........##########
#.......8..∩........
#...........########
#......)...##
#..........#
####.####.^#########


You could see a two-headed ogre (very poisoned).

Vanquished Creatures
  5 yaks (D:8)
  A black bear (D:5)
  A centaur (D:5)
  2 wights (D:8)
  A howler monkey (D:8)
  3 bullfrog skeletons
  A hound (D:4)
  3 orc priests
  An iguana (D:5)
  Terence (D:2)
  2 adders (D:3)
  2 dart slugs
  3 worms
  13 orcs
  7 endoplasms
  2 giant cockroaches
  6 goblins
  9 hobgoblins
  3 quokkas
  8 ball pythons
  4 bats
  3 frilled lizards
  12 kobolds
  4 rats
97 creatures vanquished.

Notes
Turn   | Place    | Note
-------+----------+-------------------------------------------
     0 | D:1      | tkbsonic5 the Merfolk Wanderer began the quest for the Orb.
     0 | D:1      | tkbsonic5 set off with the following items: a +2
                  | quarterstaff, a +0 short sword, 15 poisoned darts, a +0
                  | dagger, a +0 leather armour
     0 | D:1      | Reached XP level 1. HP: 15/15 MP: 1/1
    84 | D:1      | Reached XP level 2. HP: 21/21 MP: 2/2
   463 | D:1      | Found a faded altar of an unknown god.
   468 | D:1      | Prayed at the altar of an unknown god.
   468 | D:1      | Became a worshipper of Ru the Awakened
   478 | D:1      | Gained mutation: You cannot train Dodging skill. [Ru
                  | sacrifice]
   478 | D:1      | Reached * piety under Ru
   634 | D:2      | Found a hazy altar of Hepliaklqana.
   637 | D:2      | Noticed Terence
   653 | D:2      | Killed Terence
   654 | D:2      | Reached skill level 1 in Stealth
   654 | D:2      | Reached XP level 3. HP: 27/27 MP: 3/3
   932 | D:2      | Reached XP level 4. HP: 30/32 MP: 4/4
  1383 | D:2      | Reached skill level 1 in Polearms
  1697 | D:3      | Found Ilaurchy's Antique Weapon Emporium.
  1790 | D:3      | Reached skill level 2 in Polearms
  1790 | D:3      | Reached XP level 5. HP: 25/41 MP: 5/5
  2003 | D:3      | Found Fimonka's Jewellery Shop.
  2140 | D:3      | Reached skill level 3 in Polearms
  2333 | D:3      | Found Xepi Sox's Book Emporium.
  2759 | D:4      | Reached XP level 6. HP: 47/48 MP: 6/6
  2767 | D:4      | Reached skill level 4 in Polearms
  2915 | D:4      | Identified the +1 ring mail of Ru's Generosity {rPois rC-
                  | Will- Str+8}
  2958 | D:4      | Gained mutation: You cannot study or cast Earth magic. [Ru
                  | sacrifice]
  2958 | D:4      | Gained mutation: You cannot study or cast Transmutations
                  | magic. [Ru sacrifice]
  2958 | D:4      | Gained mutation: You cannot study or cast Conjurations
                  | magic. [Ru sacrifice]
  2958 | D:4      | Reached ** piety under Ru
  3034 | D:4      | Found a runed translucent door.
  3034 | D:4      | Noticed cbfl8's ghost (amateur DsFi)
  3657 | D:5      | Entered Level 5 of the Dungeon
  3674 | D:5      | Noticed a black bear
  3690 | D:5      | Killed a black bear
  3697 | D:5      | Reached skill level 5 in Polearms
  3738 | D:5      | Reached XP level 7. HP: 55/55 MP: 7/7
  3792 | D:5      | Reached skill level 5 in Fighting
  3828 | D:5      | You fall into a shaft and drop 3 floors!
  3845 | D:8      | Found an ornate altar of the Wu Jian Council.
  3954 | D:8      | Found Peezxe's Book Shop.
  3965 | D:8      | Found Xijeoneq's General Store.
  3984 | D:8      | Found Kalej's Weapon Emporium.
  4024 | D:8      | Noticed a yak
  4024 | D:8      | Noticed a yak
  4026 | D:8      | Noticed a yak
  4028 | D:8      | Noticed a yak
  4032 | D:8      | Noticed a yak
  4060 | D:8      | Killed a yak
  4061 | D:8      | Reached skill level 6 in Polearms
  4062 | D:8      | Killed a yak
  4067 | D:8      | Killed a yak
  4068 | D:8      | Reached skill level 7 in Polearms
  4068 | D:8      | Reached XP level 8. HP: 64/64 MP: 8/8
  4070 | D:8      | Killed a yak
  4074 | D:8      | Killed a yak
  4075 | D:8      | Reached skill level 8 in Polearms
  4449 | D:8      | Found Faukiyll's Assorted Antiques.
  4452 | D:8      | Found Lihuf's Armour Emporium.
  4751 | D:8      | Noticed a two-headed ogre
  4755 | D:8      | Gained mutation: You are strong-willed. (Will+) [potion of
                  | mutation]
  4755 | D:8      | Gained mutation: You are partially covered in iridescent
                  | scales. (AC +2) [potion of mutation]
  4763 | D:8      | HP: 2/100 [two-headed ogre/+0 giant spiked club (13)]
  4763 | D:8      | Mangled by a two-headed ogre

Illustrated notes

Levels and vault maps discovered:
D:1:      nicolae_arrival_washed_ashore, layout_rooms,
          chequers_ecumenical_altar_simple
D:2:      layout_basic, basic_altar, uniq_terence
D:3:      layout_loops_cross, serial_shops, shop, shop, nicolae_shop_waterfront
D:4:      layout_loops_ring, gammafunk_ghost_grave, minmay_misc_feat_alley,
          kennysheep_dice
D:5:      layout_basic
D:8:      layout_basic, nzn_wu_jian_council_hall, serial_shops, shop, shop,
          shop, shop, nicolae_shop_statue_plus, nrook_mini_vaults

Skill      XL: |  1  2  3  4  5  6  7  8 |
---------------+-------------------------+-----
Dodging        | 0 |  0.0
Fighting       | 2 3 4 6 7 |  7.0
Stealth        | 1 |  1.4
Polearms       | 2 3 5 7 8 |  8.7
Throwing       | 3 4 |  4.9
Short Blades   | |  2.4
Staves         | |  2.9
Evocations     | |  1.0

Action                   |  1- 3 |  4- 6 |  7- 9 || total
-------------------------+-------+-------+-------++-------
Melee: Quarterstaff      |    23 |       |       ||    23
       Trident           |    41 |   187 |    68 ||   296
       Punch             |       |     1 |     1 ||     2
Throw: Dart              |    15 |    17 |    10 ||    42
Invok: Sacrifice Nimblen |     1 |       |       ||     1
       Sacrifice Arcana  |       |     1 |       ||     1
  Use: Scroll            |       |     5 |     4 ||     9
       Potion            |       |     1 |     5 ||     6
 Stab: Sleeping          |     1 |     2 |       ||     3
       Distracted        |       |     1 |       ||     1
Armor: Leather armour    |    17 |    11 |       ||    28
       Scale mail        |       |    13 |       ||    13
       Plate armour      |       |    48 |       ||    48
       Ring mail         |       |    15 |     7 ||    22
       Skin              |       |       |    16 ||    16
Dodge: Dodged            |    24 |    47 |    15 ||    86
